 Dungeon Crawl Stone Soup version 0.18.1-48-g4cf74bf (webtiles) character file.

87 Heedrag the Conjurer (level 4, -2/24 HPs)
             Began as a Deep Elf Conjurer on Aug 13, 2016.
             Slain by Robin
             ... wielding a +0 trident
              (10 damage)
             ... on level 2 of the Dungeon.
             The game lasted 00:03:39 (1559 turns).

Heedrag the Conjurer (Deep Elf Conjurer)            Turns: 1559, Time: 00:03:40

Health: -2/24      AC:  4    Str:  6    XL:     4   Next: 28%
Magic:  0/12       EV:  8    Int: 20    God:
Gold:   47         SH:  0    Dex: 15    Spells: 1 memorised, 10 levels left

rFire  . . .     SeeInvis .     (no weapon)
rCold  . . .     Gourm    .     a - +0 robe
rNeg   . . .     Faith    .     (no shield)
rPois  .         Spirit   .     j - +0 helmet
rElec  .         Dismiss  .     l - +0 cloak
rCorr  .         Reflect  .     (no gloves)
SustAt .         Harm     .     (no boots)
MR     .....                    (no amulet)
Stlth  ++........               (no ring)
                                (no ring)

@: drained, not resistant to hostile enchantments, unstealthy
A: no striking features
a: no special abilities


You were on level 2 of the Dungeon.
You were not hungry.

You visited 1 branch of the dungeon, and saw 2 of its levels.

You collected 47 gold pieces.

Inventory:

Armour
 a - a +0 robe (worn)
 j - a +0 helmet (worn)
 l - a +0 cloak (worn)
Scrolls
 e - 3 scrolls of remove curse {unknown}
 f - a scroll of recharging {unknown}
 k - a scroll of identify {unknown}
 o - a scroll of blinking {unknown}
Potions
 d - 2 potions of lignification {unknown}
 m - a potion of berserk rage {unknown}
 n - a potion of brilliance {unknown}
Books
 b - a book of Conjurations

   Spells                             Type                      Level
   a - Magic Dart                     Conjuration                  1
   b - Searing Ray                    Conjuration                  2
   c - Dazzling Spray                 Conjuration/Hexes            3
   d - Fulminant Prism                Conjuration/Hexes            4
   e - Iskenderun's Mystic Blast      Conjuration                  4
   f - Iskenderun's Battlesphere      Conjuration/Charms           5
Comestibles
 c - 2 bread rations
 h - a slice of pizza
 i - a meat ration


   Skills:
 - Level 2.4(2.3) Dodging
 - Level 2.4(2.3) Stealth
 + Level 4.2(4.1) Spellcasting
 * Level 5.8 Conjurations


You had 10 spell levels left.
You knew the following spells:

 Your Spells              Type           Power        Failure   Level  Hunger
a - Magic Dart            Conj           ####         1%          1    None


Dungeon Overview and Level Annotations

Branches:
Dungeon (2/15)

Altars:

Annotations:
D:2 Robin


Message History

Aimin': Magic Dart
Press: ? - help, Shift-Dir - straight line, f/p - Robin
Aim: Robin, wieldin' a trident, wearin' an animal skin an' wearin' a helmet (heavily wounded) Tha magic dart hits Robin.
Robin be heavily wounded.
Castin': Magic Dart Confirm wit' . or Enter, or press ? or * ta list all spells.
Aimin': Magic Dart
Press: ? - help, Shift-Dir - straight line, f/p - Robin
Aim: Robin, wieldin' a trident, wearin' an animal skin an' wearin' a helmet (heavily wounded) Tha magic dart hits Robin.
Robin be severely wounded.
Robin hits ye from afar wit' a trident.
Castin': Magic Dart Confirm wit' . or Enter, or press ? or * ta list all spells.
Ye dinnae haf enough magic ta cast tha spell.
Unknown command.
Robin says, "Bow 'fore me, strongest o' all tha hobgoblins!"
Robin hits ye from afar wit' a trident!
Ye die... #...#.....###...(#... .# #........##.##....# .# #........)#.....### .# ..####†..###.........# ... #.......## #.......#.## .). ..#####.)#####......... .gg

........g.###.>...##...
........#)##...#.......
........#@#...##.......
........#†#....##.....
........#......# .....
.########........#....
.......#..##...
####....#w...
...###.#.. .### .. #.


You could see Robin.

Vanquished Creatures
  3 gnolls (D:2)
  A dart slug (D:1)
  2 giant geckos (D:1)
  6 bats
  13 goblins
  5 hobgoblins
  4 jackals (D:1)
  5 giant newts (D:1)
  3 kobolds (D:1)
  9 rats
51 creatures vanquished.

Notes
Turn   | Place    | Note
--------------------------------------------------------------
     0 | D:1      | Heedrag the Deep Elf Conjurer began the quest for the Orb.
     0 | D:1      | Reached XP level 1. HP: 10/10 MP: 6/6
   198 | D:1      | Reached XP level 2. HP: 15/15 MP: 0/8
   424 | D:1      | Reached skill level 5 in Conjurations
   583 | D:1      | Reached XP level 3. HP: 19/19 MP: 8/10
   977 | D:2      | Noticed Robin
  1366 | D:2      | Reached XP level 4. HP: 11/24 MP: 0/12
  1559 | D:2      | Slain by Robin

Skill      XL: |  1  2  3 |
---------------+----------+-----
Conjurations   | 5 |  5.8
Spellcasting   | 4 |  4.2
Dodging        | |  2.4
Stealth        | |  2.4

Action                   |  1- 3 |  4- 6 || total
-------------------------+-------+-------++-------
Melee: Unarmed           |     4 |     2 ||     6
 Cast: Magic Dart        |    79 |    26 ||   105
  Eat: Chunk             |     1 |     1 ||     2
Armor: Robe              |     9 |     6 ||    15
Dodge: Dodged            |    18 |     6 ||    24
